 Dungeon Crawl Stone Soup version 0.30.0-5-g1a98f26d00 (webtiles) character file.

Game seed: 3517606484790616269

20159 Majang the Cleaver (level 12, -7/141 HPs)
             Began as a Demonspawn Fighter on May 9, 2023.
             Was a High Priest of Makhleb.
             Mangled by a skyshark (12 damage)
             ... on level 2 of the Lair of Beasts on May 10, 2023.
             The game lasted 00:48:14 (16040 turns).

Majang the Cleaver (Demonspawn Fighter)            Turns: 16040, Time: 00:48:16

Health: -7/141     AC: 24    Str: 21    XL:     12   Next: 42%
Magic:  8/18       EV: 10    Int: 10    God:    Makhleb [*****.]
Gold:   1006       SH:  4    Dex: 13    Spells: 11/11 levels left

rFire   . . .        I - +5 battleaxe (flame)
rCold   . . .        (shield currently unavailable)
rNeg    + . .        u - +2 chain mail {rN+}
rPois   +            (no helmet)
rElec   .            q - +1 cloak
rCorr   .            v - +1 pair of gloves {infuse}
SInv    .            K - +0 pair of boots
Will    .....        E - amulet of the acrobat Stlth
                     o - ring of poison resistance
HPRegen 0.43/turn    (no ring)
MPRegen 0.16/turn

%: acrobat, infuse magic (1 MP)
@: mighty, berserking, very quick
A: icemail 1, sharp scales 2, condensation shield, demonic magic 3
a: Renounce Religion, Minor Destruction, Lesser Servant of Makhleb, Major
Destruction, Greater Servant of Makhleb


You were on level 2 of the Lair of Beasts.
You worshipped Makhleb.
Makhleb was extremely pleased with you.
You visited 3 branches of the dungeon, and saw 14 of its levels.
You also visited: Volcano.

You collected 1446 gold pieces.
You spent 440 gold pieces at shops.

Inventory:

Hand Weapons
 a - a +1 war axe
 p - a +0 broad axe
 I - a +5 battleaxe of flaming (weapon)
Missiles
 d - a javelin
 w - 3 boomerangs (quivered)
 x - 2 silver boomerangs
 y - 2 throwing nets
 J - a boomerang of dispersal
Armour
 c - a +0 buckler
 j - a +1 chain mail of fire resistance
 q - a +1 cloak (worn)
 u - a +2 chain mail of positive energy (worn)
 v - a +1 pair of gloves of infusion (worn)
 K - a +0 pair of boots (worn)
 L - a scarf of resistance
Jewellery
 o - a ring of poison resistance (left hand)
 E - an amulet of the acrobat (around neck)
Wands
 e - a wand of digging (3)
 m - a wand of quicksilver (9)
 z - a wand of mindburst (13)
 H - a wand of iceblast (5)
 O - a wand of paralysis (4)
Scrolls
 f - 2 scrolls of teleportation
 i - a scroll of enchant armour
 k - 3 scrolls of poison
 l - a scroll of fog
 r - a scroll of immolation
 C - 2 scrolls of magic mapping
 F - a scroll of fear
 G - a scroll of brand weapon {unknown}
 N - a scroll of identify
 P - a scroll of noise {unknown}
Potions
 b - 2 potions of lignification
 g - 7 potions of curing
 h - 3 potions of heal wounds
 n - a potion of ambrosia
 s - 2 potions of attraction
 t - 4 potions of mutation
 A - a potion of brilliance
 B - 4 potions of magic


   Skills:
 + Level 8.3 Fighting
 * Level 10.1 Axes
 * Level 8.7 Throwing
 + Level 6.8 Armour
 + Level 6.0 Dodging
 + Level 6.7 Shields
 + Level 8.0 Invocations


You had 11 spell levels left.
You didn't know any spells.
Your spell library contained the following spells:

 Spells                   Type           Power      Damage    Failure   Level
 Kiss of Death            Conj/Necr      0%         2d5       92%         1
 Summon Small Mammal      Summ           0%         N/A       92%         1
 Blink                    Tloc           0%         N/A       98%         2
 Cigotuvi's Dreadful Rot  Necr/Pois/Air  0%         N/A       98%         2
 Static Discharge         Conj/Air       0%         2-2/arc   98%         2
 Sublimation of Blood     Necr           0%         N/A       98%         2
 Call Canine Familiar     Summ           0%         N/A       100%        3
 Confusing Touch          Hex            0%         N/A       100%        3
 Ignite Poison            Fire/Tmut/Pois 0%         N/A       100%        3
 Inner Flame              Hex/Fire       0%         N/A       100%        3
 Summon Guardian Golem    Hex/Summ       0%         N/A       100%        3
 Tukima's Dance           Hex            0%         N/A       100%        3
 Airstrike                Air            0%         2d(0-16)  100%        4
 Dispel Undead            Necr           0%         3d6       100%        4
 Flame Wave               Conj/Fire      0%         2d4       100%        4
 Manifold Assault         Tloc           0%         N/A       100%        4
 Passage of Golubria      Tloc           0%         N/A       100%        4
 Petrify                  Tmut/Erth      0%         N/A       100%        4
 Sticky Flame             Conj/Fire      0%         2d3       100%        4
 Summon Lightning Spire   Summ/Air       0%         N/A       100%        4
 Freezing Cloud           Conj/Ice/Air   0%         6-21      100%        5
 Irradiate                Conj/Tmut      0%         3d11      100%        5
 Yara's Violent Unravell  Hex/Tmut       0%         3d3       100%        5
 Storm Form               Tmut/Air       0%         N/A       100%        7


Dungeon Overview and Level Annotations

Branches:
Dungeon (11/15)            Temple (1/1) D:5            Lair (2/5) D:11
    Orc (0/2) D:9         Volcano (visited)
  Swamp: Lair:2-3    Shoals: Lair:2-3     Snake: Lair:2-3    Spider: Lair:2-3

Altars:
Ashenzari
Cheibriados
Dithmenos
Fedhas
Gozag
Hepliaklqana
Kikubaaqudgha
Makhleb
Nemelex Xobeh
Okawaru
Qazlal
Ru
Sif Muna
Trog
Uskayaw
Vehumet
Wu Jian
Xom
Yredelemnul

Shops:
D:4 (=!=   D:7 :

Annotations:
D:10 1 runed translucent door
Lair:1 Gastronok


Innate Abilities, Weirdness & Mutations

A meltable icy envelope protects you from harm. (AC +4)
You are mostly covered in razor-sharp scales. (AC +2, Slay +2)
A meltable shield of frost defends you. (SH +4)
Spells you cast and wands you use may paralyse nearby enemies.


Message History

The skyshark tail-slaps you but does no damage.
The skyshark bites you!
* * * LOW HITPOINT WARNING * * *
The skyshark enters a blood-rage!
The skyshark tail-slaps you but does no damage. x2
The elephant tramples you.
* * * LOW HITPOINT WARNING * * *
You hold your ground!
The elephant trunk-slaps you but does no damage.
Your Invocations skill increases to level 8!
Okay, then.
A red film seems to cover your vision as you go berserk!
You feel yourself moving faster!
You feel mighty! The skyshark bites you!
* * * LOW HITPOINT WARNING * * *
The skyshark closely misses you. The skyshark misses you.
The elephant tramples you.
* * * LOW HITPOINT WARNING * * *
You hold your ground!
The elephant trunk-slaps you but does no damage.
You are too berserk!
You slice the elephant!! You burn the elephant!
The elephant is severely wounded.
You slice the skyshark!! You burn the skyshark. The skyshark bites you!
* * * LOW HITPOINT WARNING * * *
The skyshark barely misses you.
The skyshark tail-slaps you but does no damage.
You slice the elephant!! You burn the elephant.
You kill the elephant!
Makhleb accepts your kill.
You barely miss the skyshark. You block the skyshark's attack.
The skyshark tail-slaps you but does no damage.
The skyshark closely misses you.
You slash the skyshark! You burn the skyshark.
The skyshark is moderately wounded.
The skyshark bites you!
* * * LOW HITPOINT WARNING * * *
The skyshark tail-slaps you.
* * * LOW HITPOINT WARNING * * *
The skyshark closely misses you. x3; The skyshark tail-slaps you!
You die...

.......................
......................P
......................P
..............#P......#
.............##.......
.......>..#####......
..P#....†.# #......
#l†..### #........ .
#@##.# #.#......
....###P.## ###.....P
....P.....# ##.....
........Y## #.....
....#...Y.. ......
..P#.........
...............
...#.....####.
..#........


You could see a skyshark (berserk).

Vanquished Creatures
  A hydra (Lair:2)
  A catoblepas (Lair:1)
  2 two-headed ogres
  Erica (Lair:1)
  2 ugly things
  2 cyclopes (D:11)
  3 elephants (Lair:2)
  Maggie (D:7)
  A gargoyle (D:10)
  An unseen horror (D:11)
  2 cane toads
  A smoke demon (Volcano)
  A freezing wraith (D:10)
  5 komodo dragons
  2 red devils (Volcano)
  2 trolls (D:11)
  2 blink frogs (Lair:1)
  Prince Ribbit (Lair:1)
  Grinder (D:4)
  Sigmund (D:2)
  2 wraiths
  2 shadows
  12 yaks
  Eustachio (D:6)
  A basilisk (D:10)
  Grum (Lair:1)
  2 water moccasins
  Duvessa (D:7)
  A hell hound (Volcano)
  2 black bears
  5 orc warriors
  2 ice beasts
  A sky beast (D:8)
  An ogre (D:5)
  13 wolves
  3 centaurs
  4 phantoms
  Blork the orc (D:6)
  3 kobold brigands
  7 bullfrogs
  5 scorpions
  12 wights
  Dowan (D:7)
  9 killer bees
  7 electric eels
  3 howler monkeys
  4 hounds
  3 jellies (D:5)
  Crazy Yiuf (D:2)
  2 orc priests
  2 sleepcaps (D:4)
  Terence (D:2)
  2 iguanas (D:5)
  Natasha (thrice) (D:2)
  8 hell rats (Lair:1)
  15 orc wizards
  A hound skeleton (D:3)
  A howler monkey zombie (D:3)
  4 gnolls
  10 adders
  2 shadow imps (D:6)
  4 white imps
  3 ufetubi
  4 adder skeletons (D:3)
  A worm (D:5)
  3 dart slugs
  51 orcs
  5 endoplasms
  2 giant cockroaches
  2 goblins
  2 hobgoblins (D:1)
  4 jackals (D:2)
  6 quokkas
  3 ball pythons
  6 bats
  3 frilled lizards
  18 kobolds
  2 rats (D:2)
313 creatures vanquished.

Vanquished Creatures (others)
  An orc wizard (D:8)
1 creature vanquished.

Grand Total: 314 creatures vanquished

Notes
Turn   | Place    | Note
-------+----------+-------------------------------------------
     0 | D:1      | Majang the Demonspawn Fighter began the quest for the Orb.
     0 | D:1      | Reached XP level 1. HP: 18/18 MP: 1/1
    91 | D:1      | Reached skill level 2 in Axes
   189 | D:1      | Gained mutation: You are partially covered in razor-sharp
                  | scales. (AC +1, Slay +1) [demonic ancestry]
   189 | D:1      | Reached XP level 2. HP: 24/24 MP: 2/2
   745 | D:2      | Noticed Sigmund
   753 | D:2      | Killed Sigmund
   754 | D:2      | Reached skill level 4 in Axes
   754 | D:2      | Reached XP level 3. HP: 13/30 MP: 3/3
   754 | D:2      | Gained mutation: Spells you cast may paralyse adjacent
                  | enemies. [demonic ancestry]
   754 | D:2      | Reached XP level 4. HP: 16/37 MP: 4/4
   754 | D:2      | Gained mutation: Spells you cast may paralyse nearby
                  | enemies. [demonic ancestry]
   754 | D:2      | Reached XP level 5. HP: 18/42 MP: 5/5
   881 | D:2      | Found a runed translucent door.
   882 | D:2      | Noticed Crazy Yiuf
   890 | D:2      | Killed Crazy Yiuf
  1141 | D:2      | Noticed Terence
  1154 | D:2      | Killed Terence
  1412 | D:2      | Noticed Natasha
  1418 | D:2      | Killed Natasha
  1516 | D:2      | Reached XP level 6. HP: 49/49 MP: 6/6
  1858 | D:2      | Noticed Natasha
  1866 | D:2      | Killed Natasha
  1867 | D:2      | Reached skill level 5 in Axes
  1889 | D:2      | Found a faded altar of an unknown god.
  1896 | D:2      | Noticed Natasha
  1903 | D:2      | Killed Natasha
  2279 | D:3      | Reached skill level 1 in Throwing
  2611 | D:3      | Noticed a +0 hand axe
  2611 | D:3      | Noticed a +0 hand axe
  2615 | D:3      | Found a hide-covered altar of Uskayaw.
  2693 | D:3      | Found a shimmering altar of Xom.
  2695 | D:3      | Found a radiant altar of Vehumet.
  2918 | D:4      | Found Ydashoiwn's Jewellery Boutique.
  3074 | D:4      | Found Mofiakhly's Distillery.
  3078 | D:4      | Bought a potion of heal wounds for 60 gold pieces
  3078 | D:4      | Bought a potion of curing for 36 gold pieces
  3100 | D:4      | Noticed Grinder
  3102 | D:4      | Paralysed by Grinder for 2 turns
  3112 | D:4      | Killed Grinder
  3113 | D:4      | Reached skill level 5 in Fighting
  3113 | D:4      | Reached skill level 1 in Dodging
  3113 | D:4      | Reached XP level 7. HP: 23/56 MP: 0/7
  3415 | D:4      | Found Jakh's Jewellery Shop.
  3422 | D:4      | Found Aghacue's Weapon Emporium.
  3834 | D:5      | Entered Level 5 of the Dungeon
  3884 | D:5      | Found a staircase to the Ecumenical Temple.
  3891 | Temple   | Entered the Ecumenical Temple
  3913 | Temple   | Became a worshipper of Makhleb the Destroyer
  4101 | D:5      | Reached skill level 1 in Invocations
  4101 | D:5      | Gained mutation: A meltable shield of frost defends you.
                  | (SH +4) [demonic ancestry]
  4101 | D:5      | Reached XP level 8. HP: 59/62 MP: 3/8
  4254 | D:5      | Reached skill level 6 in Axes
  4749 | D:5      | HP: 3/62 [black bear (1)]
  6307 | D:6      | Found an iron altar of Okawaru.
  6518 | D:6      | Noticed Blork the orc
  6558 | D:6      | Reached * piety under Makhleb
  6602 | D:6      | Noticed Eustachio
  6616 | D:6      | Killed Eustachio
  6617 | D:6      | Gained mutation: You are mostly covered in razor-sharp
                  | scales. (AC +2, Slay +2) [demonic ancestry]
  6617 | D:6      | Reached XP level 9. HP: 60/69 MP: 0/11
  6761 | D:6      | Killed Blork the orc
  7372 | D:7      | Noticed Maggie
  7386 | D:7      | Killed Maggie
  7387 | D:7      | Reached skill level 7 in Axes
  7772 | D:7      | Found Daejomp's Book Boutique.
  7794 | D:7      | Noticed Dowan
  7795 | D:7      | Noticed Duvessa
  7807 | D:7      | Killed Duvessa
  7808 | D:7      | Reached skill level 5 in Throwing
  7810 | D:7      | Killed Dowan
  8022 | D:7      | Reached ** piety under Makhleb
  8048 | D:7      | Identified the +3 ring mail "Xyximal" {Harm Slay+3}
  9035 | D:8      | Found a stormy altar of Qazlal.
  9061 | D:8      | Reached XP level 10. HP: 50/77 MP: 6/13
  9189 | D:8      | Reached *** piety under Makhleb
  9295 | D:8      | Noticed a two-headed ogre
  9303 | D:8      | Killed a two-headed ogre
  9304 | D:8      | Reached skill level 5 in Armour
  9304 | D:8      | Reached skill level 5 in Shields
  9304 | D:8      | Reached skill level 5 in Invocations
  9764 | D:8      | Reached skill level 8 in Axes
  9990 | D:8      | Found a hazy altar of Hepliaklqana.
 10269 | D:4      | Bought a +3 battleaxe of flaming for 344 gold pieces
 10455 | D:9      | Noticed a two-headed ogre
 10462 | D:9      | Killed a two-headed ogre
 10517 | D:9      | Found a staircase to the Orcish Mines.
 11390 | D:10     | Entered Level 10 of the Dungeon
 11477 | D:10     | Found a sacrificial altar of Ru.
 11630 | D:10     | Reached **** piety under Makhleb
 11634 | D:10     | Gained mutation: Spells you cast and wands you use may
                  | paralyse nearby enemies. [demonic ancestry]
 11634 | D:10     | Reached XP level 11. HP: 84/84 MP: 4/15
 11988 | D:10     | Found a runed translucent door.
 11989 | D:10     | Noticed a yaktaur captain
 12438 | D:10     | Noticed a centaur warrior
 12703 | D:11     | Noticed a red ugly thing
 12721 | D:11     | Killed a red ugly thing
 12913 | D:11     | Reached skill level 5 in Dodging
 13206 | D:11     | Reached skill level 9 in Axes
 13375 | D:11     | Found a staircase to the Lair.
 13783 | Lair:1   | Entered Level 1 of the Lair of Beasts
 13815 | Lair:1   | Noticed Grum
 13823 | Lair:1   | Killed Grum
 13830 | D:11     | Reached ***** piety under Makhleb
 13970 | Lair:1   | Noticed Erica
 14426 | Lair:1   | Killed Erica
 14839 | Lair:1   | Noticed a catoblepas
 14853 | Lair:1   | Killed a catoblepas
 14890 | Lair:1   | Noticed Prince Ribbit
 14894 | Lair:1   | Identified a scroll of acquirement
 14899 | Lair:1   | Killed Prince Ribbit
 14900 | Lair:1   | Gained mutation: A meltable icy envelope protects you from
                  | harm. (AC +4) [demonic ancestry]
 14900 | Lair:1   | Reached XP level 12. HP: 68/92 MP: 13/17
 15008 | Lair:1   | Acquired 637 gold pieces
 15170 | Lair:1   | Found a burning altar of Makhleb.
 15175 | Lair:1   | Noticed Gastronok
 15717 | Lair:2   | Found a dark tunnel.
 15815 | Volcano  | Entered a volcano
 15968 | Lair:2   | Noticed a six-headed hydra
 15979 | Lair:2   | Killed a two-headed hydra
 15980 | Lair:2   | Reached skill level 10 in Axes
 16040 | Lair:2   | HP: 6/141 [skyshark (9)]
 16040 | Lair:2   | Mangled by a skyshark

Illustrated notes

Levels and vault maps discovered:
D:1:      mrwooster_arrival_statue_2, layout_basic
D:2:      layout_basic, hellmonk_ecumenical_altar_crossroads,
          uniq_crazy_yiuf_cottage, uniq_sigmund, uniq_natasha, uniq_terence
D:3:      layout_loops_ring, dancing_weapons_uskayaw,
          mainiacjoe_overflow_big_doors, serial_undead, serial_undead_c,
          serial_undead_b, serial_undead_f, serial_undead_c, serial_undead_e,
          serial_undead_f, serial_undead_e, glass_columns_c
D:4:      layout_loops_corners, serial_shops, shop,
          nicolae_shop_pleasant_corner_grove, shop, nicolae_shop_gaudy_bauble,
          minivault_25, uniq_grinder
D:5:      cheibrodos_barr_body, layout_loops_ring, zin_statuary,
          minmay_temple_entry_sparse_star, chequers_hall_statues_corner_a
D:6:      layout_cave_pools, mainiacjoe_overflow_alcove_1, uniq_blork_the_orc,
          uniq_eustachio
D:7:      layout_loops_ring, serial_shops, nicolae_shop_peninsula, uniq_duvessa,
          uniq_maggie
D:8:      layout_loops_ring, nicolae_hepliaklqana_hazy_memory,
          nicolae_qazlal_beasts_of_the_sky
D:9:      nicolae_moon_pools, layout_long_grid, david_orc_2
D:10:     layout_roguey, mainiacjoe_overflow_paths, minivault_1, minivault_13
D:11:     layout_roguey, erik_lair_island, nicolae_elyvilon_temple_path
Temple:   compressed_dpeg_circular_temple
Lair:1:   wad_woods_stonehenge, layout_regular_city, st_stairs_7, uniq_grum,
          uniq_gastronok, uniq_prince_ribbit2, uniq_erica
Lair:2:   layout_gridlike, nicolae_snake_entry_squirm,
          nicolae_volcano_entry_hallway, portal_ice_cave_demonic_guard,
          serial_bayou_shore_b

Skill      XL: |  1  2  3  4  5  6  7  8  9 10 11 12 |
---------------+-------------------------------------+-----
Axes           | 2 4 5 6 7 8 9 10 | 10.1
Fighting       | 4 5 6 7 8 |  8.3
Throwing       | 2 4 5 6 8 |  8.7
Armour         | 3 4 5 6 |  6.8
Dodging        | 1 2 3 4 5 6 |  6.0
Shields        | 3 4 5 6 |  6.7
Invocations    | 1 3 4 6 7 8 |  8.0

Action                     |  1- 3 |  4- 6 |  7- 9 | 10-12 || total
---------------------------+-------+-------+-------+-------++-------
  Melee: War axe           |    55 |   146 |   369 |    87 ||   657
         Battleaxe         |       |       |       |   308 ||   308
  Throw: Boomerang         |       |       |    13 |    20 ||    33
         Javelin           |       |       |     2 |       ||     2
  Evoke: Wand              |       |       |       |    10 ||    10
    Use: Potion            |     1 |       |     3 |     5 ||     9
         Scroll            |       |     2 |    14 |     6 ||    22
 Armour: Scale mail        |    26 |    82 |    95 |       ||   203
         Chain mail        |       |       |   121 |   236 ||   357
  Dodge: Dodged            |    21 |    60 |   147 |   239 ||   467
  Block: Buckler           |    10 |    28 |   147 |    27 ||   212
         Other             |       |       |       |    64 ||    64
